 Dungeon Crawl Stone Soup version 0.32-a0-931-g5a2cda0630 (webtiles) character file.

Game seed: 3593588512357399095

175858 bananaken the Warrior (level 18, -12/195 (207) HPs)
             Began as a Djinni Ice Elementalist on Apr 12, 2024.
             Was the Champion of Makhleb.
             Killed from afar by a crystal guardian (15 damage)
             ... with a crystallizing shot
             ... summoned by a halazid warlock
             ... in the Desolation of Salt on Apr 13, 2024.
             The game lasted 03:14:08 (28691 turns).

bananaken the Warrior (Djinni Ice Elementalist)    Turns: 28691, Time: 03:14:10

HP:   -12/195 (207) AC: 29    Str:  9    XL:     18   Next: 77%
Gold: 1238          EV:  2    Int: 28    God:    Makhleb [******] SH: 13 Dex: 14

rFire   . . .        D - +6 war axe "Iwae" {elec, rC+}
rCold   + + .        Q - +2 buckler
rNeg    . . .        p - melded +3 troll leather armour
rPois   ∞            X - melded +2 hat of Polish {Will+ Dex+6}
rElec   .            g - melded +2 cloak {rCorr}
rCorr   .            r - melded +1 Delatra's gloves {ID++}
SInv    +            (boots unavailable)
Will    .....        T - amulet of reflection
Stlth   ++           W - ring of the Forsaken Ghosts {Wiz Will- Int+5 SInv}
HPRegen 0.52/turn    q - ring of protection from cold

%: reflection, wizardry (x1), infuse magic (-13 HP)
@: tree-form, weak-willed, fragile (+50% incoming damage), drained
A: stationary, stasis, torment immunity, boosted hp, sickness immunity, (fire
resistance 2), (cold vulnerability 1), float, innate caster, HP casting, extra
vitality 1, (sturdy frame 1)
a: Renounce Religion, Minor Destruction, Lesser Servant of Makhleb, Major
Destruction, Greater Servant of Makhleb


You were in the Desolation of Salt.
You worshipped Makhleb.
Makhleb was exalted by your worship.
You were a tree.
You visited 9 branches of the dungeon, and saw 31 of its levels.
You also visited: Bailey, Gauntlet and Desolation.

You collected 2388 gold pieces.
You spent 1150 gold pieces at shops.

Inventory:

Hand Weapons
 B - the +6 flail of Cowardice {flame, Str+5 Dex+4}
   (You found it in the Desolation of Salt)

   Str+5:     It affects your strength (+5).
   Dex+4:     It affects your dexterity (+4).
 D - the +6 war axe "Iwae" (weapon) {elec, rC+}
   (You found it on level 6 of the Dungeon)

   rC+:       It protects you from cold.
Missiles
 P - 2 throwing nets
Armour
 a - the +3 robe "Xozxob" {Rampage Archmagi}
   (You took it off Boris on level 1 of the Vaults)

   Rampage:   It bestows one free step when moving towards enemies.
   Archmagi:  It increases the power of your magical spells.
 g - a +2 cloak of preservation (melded)
 p - a +3 troll leather armour (melded)
 r - the +1 Delatra's gloves (melded) {ID++}
   (You found it on level 2 of the Dungeon)

   ID++:      It heals its wearer when they drink unknown potions, and restores
   their MP when they read unknown scrolls.
 E - the +0 ring mail of Osabes {Harm rElec rF- rC+ rN+ Stlth-}
   (You found it in the Desolation of Salt)

   rF-:       It makes you vulnerable to fire.
   rC+:       It protects you from cold.
   rElec:     It insulates you from electricity.
   rN+:       It protects you from negative energy.
   Harm:      It increases damage dealt and taken.
   Stlth-:    It makes you less stealthy.
 Q - a +2 buckler (worn)
 X - the +2 hat of Polish (melded) {Will+ Dex+6}
   (You found it in a Gauntlet)

   Dex+6:     It affects your dexterity (+6).
   Will+:     It increases your willpower.
Magical Staves
 y - a staff of conjuration
Jewellery
 j - a ring of positive energy
 q - a ring of protection from cold (right branch)
 u - a ring of fire
 C - a ring of protection from fire
 N - a +6 ring of strength
 T - an amulet of reflection (around neck)
 W - the ring of the Forsaken Ghosts (left branch) {Wiz Will- Int+5 SInv}
   (You found it in a Gauntlet)

   [ring of wizardry]

   Wiz:       It improves your spell success rate.
   Int+5:     It affects your intelligence (+5).
   Will-:     It decreases your willpower.
   SInv:      It lets you see invisible.
Wands
 A - a wand of digging (6)
 G - a wand of warping (15)
 H - a wand of paralysis (20)
 I - a wand of flame (26)
 M - a wand of polymorph (9)
 O - a wand of mindburst (1)
 Z - a wand of light (7)
Scrolls
 b - 7 scrolls of fog
 d - 19 scrolls of identify
 e - 12 scrolls of teleportation
 h - 3 scrolls of blinking
 t - 3 scrolls of summoning
 w - 3 scrolls of brand weapon
 z - 3 scrolls of poison
 F - a scroll of enchant weapon
 K - 6 scrolls of fear
 R - a scroll of torment
 S - 4 scrolls of vulnerability
Potions
 c - 8 potions of ambrosia
 f - 4 potions of haste
 k - 4 potions of enlightenment
 l - 4 potions of mutation
 m - 3 potions of might
 n - 13 potions of curing
 o - 4 potions of cancellation
 s - 4 potions of brilliance
 x - a potion of heal wounds
 L - 4 potions of attraction
Miscellaneous
 i - a Gell's gravitambourine (1/2)
 U - a lightning rod (4/4)
 V - a condenser vane
 Y - a phantom mirror (inert)


   Skills:
 + Level 15.5 Fighting
 - Level 3.7 Short Blades
 - Level 10.4 Axes
 - Level 2.7 Staves
 - Level 3.6 Armour
 - Level 10.0 Dodging
 - Level 3.0 Stealth
 - Level 9.3 Shields
 * Level 12.3 Spellcasting
 * Level 12.3 Conjurations
 * Level 12.3 Hexes
   Level 0.0 Charms
 * Level 12.3 Summonings
 * Level 12.3 Necromancy
 * Level 12.3 Translocations
   Level 0.0 Transmutations
 * Level 12.3 Fire Magic
 * Level 12.3 Ice Magic
 * Level 12.3 Air Magic
 * Level 12.3 Earth Magic
 * Level 12.3 Alchemy
 - Level 12.4 Invocations
 - Level 10.4 Evocations


You knew the following spells:

 Your Spells              Type           Power      Damage    Failure   Level
a - Freeze                Ice            100%       1d10      1%          1
b - Frozen Ramparts       Ice            100%       1d16      1%          3
c - Ozocubu's Armour      Ice            72%        N/A       1%          3
d - Summon Ice Beast      Ice/Summ       72%        N/A       1%          3
e - Foxfire               Conj/Fire      100%       2x1d9     1%          1
f - Searing Ray           Conj           100%       2d8       1%          2
g - Sigil of Binding      Hex            72%        N/A       1%          3
h - Vampiric Draining     Necr           72%        2d11      1%          3
i - Petrify               Alch/Erth      72%        N/A       1%          4
j - Curse of Agony        Necr           72%        N/A       1%          5
k - Sculpt Simulacrum     Ice/Alch       36%        N/A       1%          6
l - Enfeeble              Hex            36%        N/A       9%          7
Your spell library was empty.

Dungeon Overview and Level Annotations

Branches:
Dungeon (15/15)            Temple (1/1) D:6            Lair (5/5) D:9
 Shoals (3/4) Lair:2        Snake (1/4) Lair:2        Slime (0/5) Lair:5
    Orc (2/2) D:10            Elf (1/3) Orc:2        Vaults (2/5) D:14
 Depths (1/4) D:15         Bailey (visited)         Desolation (1/1)
Gauntlet (visited)
  Crypt: Vaults:2-3

Altars:
Ashenzari
Cheibriados
Dithmenos
Elyvilon
Fedhas
Gozag
Hepliaklqana
Makhleb
Nemelex Xobeh
Okawaru
Qazlal
Ru
Trog
Uskayaw
Wu Jian
Xom
Yredelemnul
Zin
The Shining One
Jiyva

Shops:
Orc:2 *:([   Elf:1 =   Vaults:2 [

Annotations:
D:13 1 transporter, bananaken's ghost, journeyman GrEE
Snake:1 Aizul


Innate Abilities, Weirdness & Mutations

You are a tree.
Your roots penetrate the ground, keeping you stationary.
You cannot be teleported.
You are immune to unholy pain and torment.
Your maximum health is greatly increased.
Your equipment is partially melded.
You are immune to sickness and miasma.
You are immune to poison.
((Your flesh is very heat resistant. (rF++)))
((You are vulnerable to cold. (rC-)))
You float through the air rather than walking.
You learn spells naturally, not from books.
Your magical power is your life essence.
You have superior vitality. (+4 MHP)
((Your movements are slightly less encumbered by armour. (ER -2)))


Message History

The saltling is engulfed in freezing vapours.
The saltling completely misses your imperial myrmidon simulacrum.
The ragged hierophant casts a spell at you.
A blast of power from the earth and the adjacent constructs strikes you!
Your imperial myrmidon simulacrum hits the peacekeeper but does no damage.
Your imperial myrmidon simulacrum hits the peacekeeper.
Your imperial myrmidon simulacrum freezes the peacekeeper!!
The peacekeeper resists.
You block the crystal guardian's attack.
Your imperial myrmidon simulacrum hits the peacekeeper!
Your imperial myrmidon simulacrum freezes the peacekeeper!
The peacekeeper resists.
The saltling closely misses your imperial myrmidon simulacrum.
Unknown command.
Casting: Vampiric Draining (safe; 1% risk of failure)
Confirm with . or Enter, or press ? or * to list all spells.
Aiming: Vampiric Draining (safe; 1% risk of failure)
Press: ? - help, Shift-Dir - straight line, f - imperial myrmidon, p - halazid warlock
Aim: an imperial myrmidon, wielding a +0 scimitar and wearing a +3 ring mail (severely wounded, ally target)
You draw life force from the imperial myrmidon.
You feel life coursing into your body.
* * * LOW HITPOINT WARNING * * *
The peacekeeper completely misses your imperial myrmidon simulacrum.
The peacekeeper claws your imperial myrmidon simulacrum!
The halazid warlock gestures at you while chanting.
The bolt of cold hits you! You resist.
* * * LOW HITPOINT WARNING * * *
The bolt of cold hits your imperial myrmidon simulacrum.
Your imperial myrmidon simulacrum completely resists.
You block the imperial myrmidon's attack.
The saltling misses your imperial myrmidon simulacrum.
The saltling closely misses your imperial myrmidon simulacrum. x2
The peacekeeper closely misses your imperial myrmidon simulacrum.
The peacekeeper barely misses your imperial myrmidon simulacrum.
Your imperial myrmidon simulacrum hits the peacekeeper!
The peacekeeper is destroyed!
The peacekeeper dissolves into shadows!
The crystal guardian fires a shard of itself at you.
The crystallizing shot hits you!
Your body becomes as fragile as glass!
You die...

########################
########################
########################
########################
########################
########################
......9..§§..§.§.§......
.... #ZZ§§§...§§§......
.....#♣.§§§..§99§...§..
......aL9Z§§§.§§§.§.§§#.
......9999§§§§§§§§§§§##.
.......a..§§§..§§§§§§...
..........§§§..§§§.§§...
...........§§..§§§§§....
............§...§§......
........................
..§§§§§§§..............


You could see a ragged hierophant (summoned), an imperial myrmidon, a halazid
warlock (ally target), a crystal guardian (summoned, strong), 5 saltlings and 3
friendly imperial myrmidon simulacra.

Vanquished Creatures
  Saint Roka (Vaults:1)
  Rupert (D:15)
  Gastronok (D:11)
  A kraken (Shoals:1)
  A sphinx (Vaults:1)
  Roxanne (D:15)
  Louise (D:14)
  An imperial myrmidon (Desolation)
  The ghost of ForkInBrain the Covert, a journeyman MfRe of Uskayaw (Orc:1)
  A vault warden (Vaults:1)
  An ironbound preserver (Vaults:1)
  Nessos (D:14)
  2 spark wasps (Depths:1)
  A dire elephant (Vaults:1)
  A minotaur (Gauntlet)
  A crystal guardian (Desolation)
  A fire dragon (Lair:5)
  A merfolk impaler (Shoals:1)
  A ragged hierophant (Desolation)
  A yaktaur captain (Vaults:1)
  A vault guard (D:14)
  3 hydras (D:14)
  A rakshasa (D:14)
  A peacekeeper (Vaults:2)
  3 ironbound frosthearts
  5 boulder beetles
  A dancing weapon (Elf:1)
  9 centaur warriors
  4 tengu warriors
  2 two-headed ogres
  5 death yaks
  4 orc high priests
  Nergalle (D:10)
  Amaemon (Lair:3)
  A deep elf knight (D:14)
  A skyshark (Shoals:1)
  A deep troll (Vaults:2)
  4 deep elf archers
  A sea snake (Shoals:1)
  A glowing orange brain (Vaults:2)
  4 arcanists
  5 orc knights
  7 deep elf pyromancers (Elf:1)
  7 harpies
  A thermic dynamo (Elf:1)
  2 necromancers (D:14)
  4 lindwurms
  2 ugly things
  2 orc sorcerers (Orc:2)
  6 cyclopes
  2 large abominations (Gauntlet)
  2 manticores
  7 elephants
  7 black mambas
  3 fauns (Shoals:2)
  3 meliai
  A meliai (shapeshifter) (D:13)
  2 kobold blastminers (Orc:2)
  2 merfolk sirens
  A guardian serpent (Desolation)
  A vault sentinel (Vaults:1)
  A black mamba (shapeshifter) (D:15)
  An orange demon (Lair:3)
  A torpor snail (Lair:3)
  4 cane toads
  3 molten gargoyles (Lair:5)
  2 efreet
  2 unseen horrors
  8 yaktaurs
  3 rime drakes
  10 komodo dragons
  2 tengu conjurers
  Psyche (D:8)
  A freezing wraith (D:14)
  A queen bee (Lair:2)
  3 trolls (D:12)
  A wind drake (Shoals:2)
  3 saltlings (Desolation)
  11 blink frogs
  2 dream sheep (Lair:3)
  2 slime creatures
  A centaur simulacrum (D:14)
  2 vampires
  2 shadows
  5 small abominations (Gauntlet)
  28 yaks
  17 humans (D:14)
  4 spriggans (Bailey)
  Eustachio (D:5)
  2 redbacks (Vaults:1)
  6 wraiths
  A fire bat (Gauntlet)
  4 steam dragons
  5 wargs
  4 wyverns
  5 basilisks
  2 nagas (Lair:2)
  A vampire mosquito (D:13)
  10 water moccasins
  3 acid dragons
  3 hell hounds
  18 orc warriors
  2 ice beasts
  2 laughing skulls (D:13)
  8 ogres
  2 black bears
  10 wolves (Lair:5)
  4 boggarts (Vaults:1)
  10 centaurs
  A kobold brigand (D:9)
  7 bullfrogs
  4 gnoll sergeants
  A scorpion (D:5)
  4 wights (D:9)
  18 killer bees (Lair:2)
  5 howler monkeys
  2 electric eels (D:15)
  A bombardier beetle (D:4)
  4 lava snakes (Lair:5)
  A hound (D:4)
  9 orc priests
  A jelly (D:5)
  2 gnoll boudas
  Natasha (D:4)
  6 orc wizards
  6 hell rats (Lair:2)
  17 gnolls
  8 adders
  4 shadow imps
  2 white imps
  2 dart slugs
  4 ribbon worms
  38 orcs
  12 endoplasms
  8 giant cockroaches
  7 goblins
  5 hobgoblins
  2 quokkas
  9 ball pythons
  4 bats
  2 frilled lizards
  10 kobolds
  8 rats
  3 tentacles (Shoals:1)
584 creatures vanquished.

Vanquished Creatures (collateral kills)
  Boris (Vaults:1)
  A tengu reaver (Vaults:1)
  An orc warlord (Orc:2)
  A very ugly thing (Vaults:1)
  An ironbound preserver (Vaults:2)
  A stone giant (Shoals:1)
  2 dire elephants (Vaults:1)
  A ragged hierophant (Desolation)
  An entropy weaver (Vaults:1)
  3 servants of whispers (Desolation)
  A hydra (Lair:5)
  A merfolk avatar (Shoals:1)
  5 peacekeepers
  A two-headed ogre (D:12)
  2 centaur warriors (Vaults:1)
  2 boulder beetles
  A catoblepas (D:13)
  A hell hog (Gauntlet)
  A satyr (Shoals:1)
  A tengu warrior (D:13)
  A merfolk aquamancer (Shoals:2)
  A dancing weapon (Elf:1)
  A death yak (Lair:5)
  A deep troll earth mage (D:15)
  An orc high priest (Orc:2)
  A deep elf knight (Elf:1)
  2 skysharks (Shoals:1)
  4 sea snakes
  2 deep trolls (Vaults:2)
  2 arcanists
  An ironbound convoker (Desolation)
  2 harpies
  2 orc knights
  A deep elf pyromancer (D:14)
  3 ugly things (D:15)
  3 lindwurms
  An oklob plant (Lair:1)
  5 fauns
  A deep elf zephyrmancer (Elf:1)
  2 cyclopes
  A meliai (D:13)
  6 manticores (Shoals:1)
  2 elephants
  4 guardian serpents (Desolation)
  5 merfolk sirens
  2 water nymphs (Shoals:1)
  3 black mambas (Lair:2)
  A vault sentinel (Vaults:1)
  7 cane toads
  2 rime drakes (Lair:5)
  Jeremiah (D:8)
  5 komodo dragons
  A komodo dragon (shapeshifter) (Vaults:1)
  2 yaktaurs (Vaults:1)
  5 merfolk
  A polar bear (Lair:4)
  5 trolls
  A wind drake (Shoals:2)
  19 saltlings (Desolation)
  3 blink frogs
  3 snapping turtles (Shoals:1)
  A dream sheep (Lair:3)
  2 slime creatures (Vaults:1)
  4 water elementals
  2 spriggans (Bailey)
  2 fire bats (Gauntlet)
  2 basilisks (Lair:5)
  A wraith (D:9)
  5 yaks
  A wyvern (Lair:5)
  A human (D:14)
  A steam dragon (Bailey)
  A redback (Vaults:1)
  2 vampire mosquitoes (D:13)
  Edmund (D:5)
  2 nagas (Lair:2)
  5 water moccasins
  2 hell hounds
  Duvessa (D:5)
  2 black bears (D:5)
  7 orc warriors
  7 ogres
  3 centaurs
  A phantom (D:6)
  Blork the orc (D:5)
  2 scorpions (D:5)
  3 bullfrogs
  A gnoll sergeant (D:9)
  A small abomination (Gauntlet)
  Dowan (D:5)
  7 killer bees (Lair:2)
  2 howler monkeys (D:9)
  A hound (D:5)
  A lava snake (Lair:5)
  4 orc priests
  A sleepcap (D:8)
  Natasha (twice) (D:4)
  An iguana (D:5)
  An orc wizard (Orc:2)
  13 gnolls
  2 adders
  2 shadow imps
  A ribbon worm (D:4)
  10 orcs
  2 endoplasms (D:4)
  A hobgoblin (D:2)
  A kobold (D:2)
  A tentacle (Shoals:1)
263 creatures vanquished.

Vanquished Creatures (others)
  A peacekeeper (Desolation)
  A guardian serpent (Desolation)
  An unseen horror (shapeshifter) (D:14)
  An adder (D:6)
  39 foxfires
  9 tentacles (Shoals:1)
52 creatures vanquished.

Grand Total: 899 creatures vanquished

Notes
Turn   | Place    | Note
-------+----------+-------------------------------------------
     0 | D:1      | bananaken the Djinni Ice Elementalist began the quest for
                  | the Orb.
     0 | D:1      | bananaken set off with the following spells memorised:
                  | Freeze, Frozen Ramparts, Ozocubu's Armour, Summon Ice
                  | Beast.
     0 | D:1      | Reached XP level 1. HP: 15/15 MP: 0/0
   268 | D:1      | Reached XP level 2. HP: 22/22 MP: 0/0
   378 | D:1      | Reached skill level 1 in Fighting
   675 | D:1      | Reached XP level 3. HP: 26/27 MP: 0/0
   675 | D:1      | Learned a level 1 spell: Foxfire
  1034 | D:2      | Reached XP level 4. HP: 5/33 MP: 0/0
  1084 | D:2      | Reached skill level 2 in Fighting
  1265 | D:2      | Found a sacrificial altar of Ru.
  1384 | D:2      | Reached XP level 5. HP: 30/39 MP: 0/0
  1384 | D:2      | Learned a level 2 spell: Searing Ray
  1391 | D:2      | Found the +1 Delatra's gloves {ID++}
  2046 | D:3      | Reached XP level 6. HP: 43/45 MP: 0/0
  2354 | D:3      | Found a white marble altar of Elyvilon.
  2448 | D:4      | Reached skill level 3 in Fighting
  2522 | D:4      | Noticed Natasha
  2528 | D:4      | Killed Natasha
  2687 | D:4      | Noticed Natasha
  2695 | D:4      | Killed Natasha
  2939 | D:4      | Reached XP level 7. HP: 49/50 MP: 0/0
  2939 | D:4      | Learned a level 3 spell: Sigil of Binding
  3312 | D:4      | Noticed Natasha
  3322 | D:4      | Killed Natasha
  3479 | D:4      | Reached skill level 5 in Dodging
  3613 | D:5      | Entered Level 5 of the Dungeon
  3613 | D:5      | Noticed Eustachio
  3659 | D:5      | Reached skill level 4 in Fighting
  3665 | D:5      | Reached skill level 5 in Spellcasting
  3665 | D:5      | Reached skill level 5 in Conjurations
  3665 | D:5      | Reached skill level 5 in Hexes
  3665 | D:5      | Reached skill level 5 in Summonings
  3665 | D:5      | Reached skill level 5 in Necromancy
  3665 | D:5      | Reached skill level 5 in Translocations
  3665 | D:5      | Reached skill level 5 in Fire Magic
  3665 | D:5      | Reached skill level 5 in Ice Magic
  3665 | D:5      | Reached skill level 5 in Air Magic
  3665 | D:5      | Reached skill level 5 in Earth Magic
  3665 | D:5      | Reached skill level 5 in Alchemy
  3693 | D:5      | Noticed Dowan
  3693 | D:5      | Noticed Duvessa
  3702 | D:5      | Killed Dowan
  3704 | D:5      | Killed Duvessa
  3705 | D:5      | Reached XP level 8. HP: 47/58 MP: 0/0
  3780 | D:5      | Reached skill level 5 in Fighting
  3898 | D:5      | Noticed Blork the orc
  3903 | D:5      | Killed Blork the orc
  3907 | D:5      | Reached skill level 1 in Short Blades
  4060 | D:5      | Noticed Edmund
  4065 | D:5      | Killed Eustachio
  4066 | D:5      | Reached XP level 9. HP: 53/66 MP: 0/0
  4066 | D:5      | Learned a level 3 spell: Vampiric Draining
  4067 | D:5      | Killed Edmund
  4068 | D:5      | Reached skill level 6 in Fighting
  4572 | D:6      | Identified the +6 war axe "Iwae" {elec, rC+}
  4631 | D:6      | Found an opulent altar of Gozag.
  4631 | D:6      | Found a sparkling altar of Nemelex Xobeh.
  4697 | D:6      | Found a snail-covered altar of Cheibriados.
  4697 | D:6      | Noticed a torpor snail
  4698 | D:6      | Noticed a torpor snail
  4699 | D:6      | Noticed a torpor snail
  4872 | D:6      | Found a staircase to the Ecumenical Temple.
  4881 | Temple   | Entered the Ecumenical Temple
  4921 | Temple   | Became a worshipper of Makhleb the Destroyer
  5228 | D:6      | Reached skill level 7 in Fighting
  5228 | D:6      | Reached skill level 1 in Evocations
  5229 | D:6      | Reached skill level 1 in Axes
  5229 | D:6      | Reached skill level 1 in Invocations
  5323 | D:7      | Found an iron altar of Okawaru.
  5517 | D:7      | Reached XP level 10. HP: 67/75 MP: 0/0
  5892 | D:7      | Identified the +3 ring mail of Misanthropy {rN+}
  6008 | D:8      | Found an ornate altar of the Wu Jian Council.
  6033 | D:8      | Found a hide-covered altar of Uskayaw.
  6040 | D:8      | Noticed Psyche
  6045 | D:8      | Killed Psyche
  6060 | D:8      | Reached skill level 8 in Fighting
  6062 | D:8      | Reached * piety under Makhleb
  6448 | D:8      | Noticed Jeremiah
  6479 | D:8      | Killed Jeremiah
  6882 | D:9      | Reached XP level 11. HP: 75/82 MP: 0/0
  6882 | D:9      | Learned a level 4 spell: Petrify
  7006 | D:9      | Found a stormy altar of Qazlal.
  7049 | D:9      | Reached skill level 5 in Evocations
  7050 | D:9      | Reached ** piety under Makhleb
  7051 | D:9      | Reached skill level 5 in Invocations
  7094 | D:9      | Noticed a death yak
  7160 | D:9      | Reached skill level 9 in Fighting
  7201 | D:9      | Found a flagged portal.
  7237 | Bailey   | Entered a bailey
  7452 | Bailey   | Reached skill level 5 in Axes
  7489 | Bailey   | Noticed a two-headed ogre
  7497 | Bailey   | Killed a two-headed ogre
  7745 | D:9      | Noticed a death yak
  7759 | D:9      | Reached *** piety under Makhleb
  7761 | D:9      | Killed a death yak
  7765 | D:9      | Killed a death yak
  7773 | D:9      | Reached XP level 12. HP: 90/91 MP: 0/0
  7776 | D:9      | Found a staircase to the Lair.
  8165 | Lair:1   | Entered Level 1 of the Lair of Beasts
  8182 | Lair:1   | Reached skill level 10 in Fighting
  9537 | Lair:2   | Identified the +0 leather armour of Cauv {Int+3 Dex+3
                  | Slay-6}
  9579 | Lair:2   | Reached **** piety under Makhleb
  9960 | Lair:2   | Found a staircase to the Snake Pit.
 10028 | Lair:2   | Found a staircase to the Shoals.
 10163 | Lair:2   | Reached XP level 13. HP: 95/98 MP: 0/0
 10163 | Lair:2   | Learned a level 5 spell: Curse of Agony
 10517 | Lair:2   | Reached skill level 11 in Fighting
 10882 | Lair:3   | Reached ***** piety under Makhleb
 11190 | Lair:3   | Noticed Amaemon
 11216 | Lair:3   | Killed Amaemon
 12583 | Lair:5   | Entered Level 5 of the Lair of Beasts
 12755 | Lair:5   | Found a viscous altar of Jiyva.
 12755 | Lair:5   | Found a staircase to the Slime Pits.
 12937 | Lair:5   | Reached XP level 14. HP: 73/106 MP: 0/0
 12954 | Lair:5   | Reached skill level 12 in Fighting
 13275 | Lair:5   | Reached skill level 10 in Invocations
 13284 | Lair:5   | Found a large runed translucent door.
 13412 | Lair:5   | Found a large runed translucent door.
 13524 | Lair:5   | Gained mutation: Your movements are slightly less
                  | encumbered by armour. (ER -2) [potion of mutation]
 14594 | D:10     | Entered Level 10 of the Dungeon
 14849 | D:10     | Found a staircase to the Orcish Mines.
 15020 | D:10     | Found a bloodstained altar of Trog.
 15152 | D:10     | Noticed Nergalle
 15159 | D:10     | Killed Nergalle
 15350 | D:11     | Reached skill level 1 in Staves
 15350 | D:11     | Reached skill level 1 in Armour
 15375 | D:11     | Noticed Gastronok
 15397 | D:11     | Killed Gastronok
 15469 | D:11     | Reached ****** piety under Makhleb
 15776 | D:11     | Identified the +4 chain mail of Henotheism {Rampage rF+ rC-
                  | Will++}
 16221 | Orc:1    | Entered Level 1 of the Orcish Mines
 16221 | Orc:1    | Found a runed translucent gate.
 16221 | Orc:1    | Found a runed translucent gate.
 16222 | Orc:1    | Found a runed translucent gate.
 16232 | Orc:1    | Noticed ForkInBrain's ghost (journeyman MfRe)
 16270 | Orc:1    | Found an iron altar of Okawaru.
 16283 | Orc:2    | Entered Level 2 of the Orcish Mines
 16496 | Orc:1    | Reached skill level 1 in Shields
 16496 | Orc:1    | Reached XP level 15. HP: 90/113 MP: 0/0
 16496 | Orc:1    | Learned a level 6 spell: Sculpt Simulacrum
 16559 | Orc:1    | Killed ForkInBrain's ghost
 16571 | Orc:1    | Identified the +1 robe of Greed {rCorr Int+2 Dex+3}
 16588 | Orc:1    | Identified the +2 dire flail of Zuunau Kiwuu {flame, Int+2
                  | Dex+3}
 16905 | Orc:1    | Reached skill level 10 in Dodging
 17138 | Orc:2    | Found Bell's Book Shop.
 17287 | Orc:2    | Noticed an orc warlord
 17421 | Orc:1    | Reached skill level 13 in Fighting
 17550 | Orc:2    | Found Idacepn's Antique Weapon Shop.
 17882 | Orc:2    | Killed an orc warlord
 17894 | Orc:2    | Found Xunielo's General Store.
 17982 | Orc:2    | Bought a transparent quarterstaff for 297 gold pieces
 17982 | Orc:2    | Identified the +4 quarterstaff "Suoda" {venom, Will+
                  | Stlth+} (You bought it in a shop on level 2 of the Orcish
                  | Mines)
 18069 | Orc:2    | Found Xuewyaz's Antique Armour Shoppe.
 18091 | Orc:2    | Found a staircase to the Elven Halls.
 18405 | Elf:1    | Entered Level 1 of the Elven Halls
 19414 | D:13     | Found a transporter.
 20150 | D:13     | Found a transporter.
 20168 | D:13     | Reached skill level 5 in Shields
 20231 | D:13     | Noticed bananaken's ghost (journeyman GrEE)
 20617 | D:14     | Noticed Nessos
 20641 | D:14     | Killed Nessos
 20642 | D:14     | Reached XP level 16. HP: 82/122 MP: 0/0
 20744 | D:14     | Noticed Louise
 20933 | Snake:1  | Entered Level 1 of the Snake Pit
 20934 | Snake:1  | Identified the serpent talisman of Insatiable Hunger {rElec
                  | Str+7}
 20934 | Snake:1  | Noticed Aizul
 20939 | Lair:2   | Upgraded the game from 0.32-a0-928-g1cae6b7ea0 to
                  | 0.32-a0-931-g5a2cda0630
 20970 | Shoals:1 | Entered Level 1 of the Shoals
 21469 | D:14     | Killed Louise
 22022 | D:14     | Found a gate to the Vaults.
 22032 | D:14     | Reached skill level 10 in Spellcasting
 22032 | D:14     | Reached skill level 10 in Conjurations
 22032 | D:14     | Reached skill level 10 in Hexes
 22032 | D:14     | Reached skill level 10 in Summonings
 22032 | D:14     | Reached skill level 10 in Necromancy
 22032 | D:14     | Reached skill level 10 in Translocations
 22032 | D:14     | Reached skill level 10 in Fire Magic
 22032 | D:14     | Reached skill level 10 in Ice Magic
 22032 | D:14     | Reached skill level 10 in Air Magic
 22032 | D:14     | Reached skill level 10 in Earth Magic
 22032 | D:14     | Reached skill level 10 in Alchemy
 22536 | D:15     | Entered Level 15 of the Dungeon
 22576 | D:15     | Noticed Rupert
 22591 | D:15     | Killed Rupert
 22680 | D:15     | Found a gate leading to a gauntlet.
 22685 | Gauntlet | Entered a Gauntlet
 22685 | Gauntlet | Found a transporter.
 22685 | Gauntlet | Found a transporter.
 22685 | Gauntlet | Found a transporter.
 22689 | Gauntlet | Found a transporter.
 22689 | Gauntlet | Found a transporter.
 22691 | Gauntlet | Found a large runed translucent door.
 22692 | Gauntlet | Found a large runed translucent door.
 22693 | Gauntlet | Found a large runed translucent door.
 22693 | Gauntlet | Found a large runed translucent door.
 22693 | Gauntlet | Found a runed translucent door.
 22695 | Gauntlet | Found a runed translucent door.
 22719 | Gauntlet | Found a transporter.
 22725 | Gauntlet | Found a large runed translucent door.
 22726 | Gauntlet | Found a large runed translucent door.
 22727 | Gauntlet | Found a large runed translucent door.
 22727 | Gauntlet | Found a large runed translucent door.
 22728 | Gauntlet | Found a large runed translucent door.
 22729 | Gauntlet | Found a large runed translucent door.
 22730 | Gauntlet | Found a large runed translucent door.
 22730 | Gauntlet | Found a large runed translucent door.
 22731 | Gauntlet | Found a runed translucent gate.
 22731 | Gauntlet | Found a runed translucent gate.
 22731 | Gauntlet | Found a runed translucent gate.
 22733 | Gauntlet | Found a transporter.
 22737 | Gauntlet | Found a transporter.
 22743 | Gauntlet | Found a large runed translucent door.
 22744 | Gauntlet | Found a large runed translucent door.
 22744 | Gauntlet | Found a large runed translucent door.
 22745 | Gauntlet | Found a large runed translucent door.
 22753 | Gauntlet | Found a transporter.
 22772 | Gauntlet | Found a transporter.
 22799 | Gauntlet | Found a transporter.
 22813 | Gauntlet | Found a transporter.
 22998 | Gauntlet | Reached skill level 10 in Axes
 23019 | Gauntlet | Identified the ring of the Forsaken Ghosts {Wiz Will- Int+5
                  | SInv}
 23078 | Gauntlet | Identified the +2 hat of Polish {Will+ Dex+6}
 23772 | D:15     | Reached XP level 17. HP: 81/128 MP: 0/0
 23772 | D:15     | Learned a level 7 spell: Enfeeble
 23913 | D:15     | Noticed Roxanne
 23942 | D:15     | Killed Roxanne
 24059 | D:15     | Found a staircase to the Depths.
 24885 | Shoals:1 | Identified the +0 chain mail "Nurafost" {-Tele rF+ rN+
                  | rCorr}
 24913 | Shoals:1 | Noticed a kraken
 25234 | Shoals:1 | Killed a kraken
 25325 | Shoals:2 | Reached skill level 14 in Fighting
 25328 | Shoals:2 | Found Uthef's Island Escapes.
 25336 | Shoals:2 | Bought a scroll of teleportation for 42 gold pieces
 25336 | Shoals:2 | Bought a wand of digging (2) for 117 gold pieces
 25336 | Shoals:2 | Bought a scroll of fog for 56 gold pieces
 25336 | Shoals:2 | Bought a wand of digging (3) for 176 gold pieces
 25336 | Shoals:2 | Bought a potion of invisibility for 112 gold pieces
 25336 | Shoals:2 | Bought a potion of enlightenment for 70 gold pieces
 25336 | Shoals:2 | Bought 2 potions of haste for 280 gold pieces
 25710 | Elf:1    | Found Diefuer's Jewellery Shop.
 26465 | Depths:1 | Entered Level 1 of the Depths
 26624 | Vaults:1 | Entered Level 1 of the Vaults
 26892 | Vaults:1 | Noticed Saint Roka
 26953 | Vaults:1 | Killed Saint Roka
 27068 | Vaults:1 | Reached XP level 18. HP: 106/136 MP: 0/0
 27071 | Vaults:1 | Identified the +11 arbalest "Lourasai" {drain, rC+ Will+}
 27122 | Vaults:1 | Identified the +3 robe "Xozxob" {Rampage Archmagi}
 27122 | Vaults:1 | Noticed Boris
 27135 | Vaults:1 | Killed Boris
 27536 | Vaults:1 | Noticed a sphinx
 27549 | Vaults:1 | Killed a sphinx
 27565 | Vaults:1 | Identified the ring "Ribau" {Fly rPois}
 27707 | Vaults:1 | Reached skill level 10 in Evocations
 27711 | Vaults:1 | Reached skill level 15 in Fighting
 28265 | Vaults:2 | Found Kicusaoso's Antique Armour Shop.
 28396 | Vaults:2 | Found a crumbling gateway.
 28483 | Desolati | Entered the Desolation of Salt
 28513 | Desolati | Identified the amulet of the Tempest {Acrobat Fly rC+ rN+
                  | Slay+5}
 28552 | Desolati | Identified the +6 flail of Cowardice {flame, Str+5 Dex+4}
 28555 | Desolati | Identified the +9 orcbow of Qionka Voige {elec, Int+3}
 28587 | Desolati | Identified the +0 ring mail of Osabes {Harm rElec rF- rC+
                  | rN+ Stlth-}
 28691 | Desolati | HP: 3/195 [halazid warlock/bolt of cold (15)]
 28691 | Desolati | Killed from afar by a crystal guardian

Illustrated notes

Levels and vault maps discovered:
D:1:      scummos_arrival_forest, layout_loops_cross
D:2:      minmay_spotlight, layout_rooms, basic_altar, pf_guarded_unrand_delatra
D:3:      layout_rooms, nicolae_overflow_crystal_walls, minmay_misc_feat_pillars
D:4:      layout_basic, uniq_natasha
D:5:      layout_rooms, uniq_eustachio, uniq_blork_the_orc, uniq_edmund,
          uniq_duvessa
D:6:      layout_basic, grunt_temple_overflow_opulence, cheibriados_altar_2,
          minmay_temple_entry_glassed_door
D:7:      layout_rooms, okawaru_metal_pillars_1_2
D:8:      layout_cave_pools, nzn_wu_jian_contemplation,
          nicolae_uskayaw_murder_on_the_dancefloor, serial_bayou_pond_e,
          minmay_misc_feat_columns, uniq_psyche, uniq_jeremiah
D:9:      layout_basic, nicolae_qazlal_style_of_elements, dpeg_lair_monsters,
          enter_bailey_7
D:10:     layout_rooms, bloody_trog, david_orc_1_choice, uniq_nergalle
D:11:     layout_basic, minmay_misc_feat_tower, uniq_gastronok
D:12:     layout_basic, grunt_ministairs_13
D:13:     layout_grid_maze, gammafunk_ghost_mausoleum, patterned_corridor
D:14:     layout_roguey, grunt_vaults_entry_tiered, nicolae_doodle_vault,
          uniq_nessos, uniq_louise
D:15:     hellmonk_depths_entry_around_the_bend, layout_loops_ring,
          gauntlet_entry_generic, chequers_big_river, uniq_rupert, uniq_roxanne
Temple:   nicolae_temple_figure_eight
Lair:1:   layout_misc_corridors, dpeg_stationary_puzzle
Lair:2:   layout_roguey, nicolae_shoals_entry_roost,
          minmay_snake_entry_guardpost_medium, special_room [special_room_bee],
          infiniplex_staircase_pool_2
Lair:3:   layout_loops_ring, dreamdust_gnoll_shepherd, uniq_amaemon
Lair:4:   layout_gridlike
Lair:5:   cheibrodos_lair_end_hotspot, layout_regular_city, slime_entry_1,
          nicolae_lair_lil_pond
Shoals:1: layout_shoals, hangedman_shoals_cup_caves
Shoals:2: nicolae_shoals_island_circles, layout_shoals, nicolae_island_escapes
Shoals:3: layout_shoals, ebering_ghost_disaster_area, nzn_prometheus_bound
Snake:1:  layout_basic, basic_altar, uniq_mlioglotl, uniq_aizul, uniq_frances
Orc:1:    layout_diamond_mine, basic_altar, gammafunk_ghost_fury_of_okawaru,
          nicolae_shop_clearance
Orc:2:    grunt_orc_gardens, layout_caves, grunt_orc_garden, grunt_orc_garden,
          grunt_orc_garden, grunt_orc_garden
Elf:1:    eino_elf_arrival_customs, layout_rooms, serial_shops,
          nicolae_shop_window_shopping, hangedman_elven_crosses_minicolossus
Vaults:1: nicolae_vaults_shipping_containers_2, hangedman_vaults_snaps,
          v_misc_25, nicolae_vaults_apartment_1, hangedman_vaults_maws,
          vaults_room_door_ring, nicolae_vaults_diamond_1,
          nicolae_vaults_yaktaur_gun_rack, layout_vaults_chaotic_city,
          uniq_saint_roka, uniq_boris
Vaults:2: portal_desolation_entry_twin_temple, vaults_standard_mumra_lines,
          nicolae_vaults_network_s, nicolae_vaults_storage_room_doors,
          nicolae_vaults_little_squares_4, ontoclasm_vaults_claustrophobia,
          nicolae_vaults_trapezoid_lopsided_3, ontoclasm_vaults_chip,
          nicolae_vaults_little_squares_3, hangedman_vaults_capsules,
          vaults_mumra_chevron_long, nicolae_vaults_tetromino_Z_1,
          layout_vaults_maze, serial_shops, nicolae_shop_back_alley_shop
Depths:1: layout_gridlike, minmay_stone_trees_medium, pf_hell_entry_tar_spiral,
          yredelemnul_altar_generic
Desolation

Skill      XL: |  1  2  3  4  5  6  7  8  9 10 11 12 13 14 15 16 17 18 |
---------------+-------------------------------------------------------+-----
Fighting       | 1 2 3 4 5 7 8 9 10 11 12 13 14 15 | 15.5
Dodging        | 3 4 5 6 8 9 10 | 10.0
Spellcasting   | 4 5 6 7 8 9 10 11 12 | 12.3
Conjurations   | 4 5 6 7 8 9 10 11 12 | 12.3
Hexes          | 4 5 6 7 8 9 10 11 12 | 12.3
Summonings     | 4 5 6 7 8 9 10 11 12 | 12.3
Necromancy     | 4 5 6 7 8 9 10 11 12 | 12.3
Translocations | 4 5 6 7 8 9 10 11 12 | 12.3
Fire Magic     | 4 5 6 7 8 9 10 11 12 | 12.3
Ice Magic      | 4 5 6 7 8 9 10 11 12 | 12.3
Air Magic      | 4 5 6 7 8 9 10 11 12 | 12.3
Earth Magic    | 4 5 6 7 8 9 10 11 12 | 12.3
Alchemy        | 4 5 6 7 8 9 10 11 12 | 12.3
Short Blades   | 2 3 |  3.7
Evocations     | 2 4 6 7 9 10 | 10.4
Axes           | 1 3 5 7 8 9 10 | 10.4
Invocations    | 1 4 6 8 9 10 12 | 12.4
Staves         | 1 2 |  2.7
Armour         | 2 3 |  3.6
Shields        | 1 5 7 9 |  9.3
Stealth        | 3 |  3.0

Action                     |  1- 3 |  4- 6 |  7- 9 | 10-12 | 13-15 | 16-18 || total
---------------------------+-------+-------+-------+-------+-------+-------++-------
  Melee: Dagger            |    25 |   115 |    57 |       |       |       ||   197
         War axe           |       |       |    22 |   107 |   259 |   289 ||   677
   Cast: Freeze            |    33 |    28 |    17 |    11 |    10 |    12 ||   111
         Foxfire           |     3 |     6 |     5 |     3 |     7 |     2 ||    26
         Summon Ice Beast  |     1 |     5 |    22 |    43 |   118 |    64 ||   253
         Frozen Ramparts   |       |     4 |    11 |    28 |    67 |    57 ||   167
         Ozocubu's Armour  |       |       |     7 |    20 |    44 |    44 ||   115
         Searing Ray       |       |       |     6 |     5 |     9 |     6 ||    26
         Vampiric Draining |       |       |     1 |    80 |   235 |   212 ||   528
         Petrify           |       |       |       |     4 |       |     1 ||     5
         Sigil of Binding  |       |       |       |     1 |       |       ||     1
         Curse of Agony    |       |       |       |       |     5 |    10 ||    15
         Sculpt Simulacrum |       |       |       |       |       |    51 ||    51
         Enfeeble          |       |       |       |       |       |     5 ||     5
 Invoke: Major Destruction |       |       |       |       |     1 |       ||     1
         Greater Servant o |       |       |       |       |     1 |       ||     1
  Evoke: Wand              |       |       |       |     7 |    21 |    25 ||    53
         Condenser vane    |       |       |       |       |       |     2 ||     2
         Gell's gravitambo |       |       |       |       |       |     2 ||     2
         Phantom mirror    |       |       |       |       |       |     1 ||     1
    Use: Potion            |       |     1 |       |     2 |     7 |    16 ||    26
         Scroll            |       |       |     1 |    13 |     1 |    15 ||    30
   Stab: Sleeping          |     4 |     7 |       |     2 |     3 |     3 ||    19
         Distracted        |       |       |       |       |     4 |     3 ||     7
         Paralysed         |       |       |       |       |     5 |       ||     5
 Armour: Robe              |    26 |    55 |    79 |    31 |    60 |       ||   251
         Steam dragon scal |       |       |       |   139 |   270 |       ||   409
         Acid dragon scale |       |       |       |       |    43 |       ||    43
         Troll leather arm |       |       |       |       |   242 |   566 ||   808
         Skin              |       |       |       |       |       |    64 ||    64
  Dodge: Dodged            |    32 |    72 |    68 |   157 |   461 |   416 ||  1206
  Block: Other             |       |    13 |    18 |       |       |       ||    31
         Kite shield       |       |       |       |       |   216 |   378 ||   594
         Reflection        |       |       |       |       |       |    48 ||    48
         Buckler           |       |       |       |       |       |   250 ||   250

Table legend: (Time is in decaauts)
 A = Elapsed time spent in this place.
 B = Non-inter-level travel time spent in this place.
 C = Inter-level travel time spent in this place.
 D = Time resting spent in this place.
 E = Time spent auto-exploring this place.
 F = Levels seen in this place.
 G = Mean time per level.
                   A        B        C        D        E       F      G
               +--------+--------+--------+--------+--------+-----+--------+
         Total |  28877 |  26490 |   2387 |   5357 |  13807 |  34 |  849.3 |
       Dungeon |  14658 |  13305 |   1353 |   1890 |   7785 |  15 |  977.2 |
        Temple |     76 |      5 |     71 |      0 |      0 |   1 |   76.0 |
          Lair |   6760 |   6261 |    499 |   1486 |   3559 |   5 | 1352.0 |
        Shoals |   1300 |   1212 |     88 |    178 |    591 |   3 |  433.3 |
     Snake Pit |      4 |      4 |      0 |      0 |      0 |   1 |    4.0 |
  Orcish Mines |   2375 |   2170 |    205 |    951 |    661 |   2 | 1187.5 |
   Elven Halls |    653 |    511 |    142 |    120 |    174 |   1 |  653.0 |
        Vaults |   1844 |   1818 |     26 |    384 |    952 |   2 |  922.0 |
        Depths |     36 |     36 |      0 |      0 |     11 |   1 |   36.0 |
        Bailey |    458 |    458 |      0 |    287 |     60 |   1 |  458.0 |
    Desolation |    228 |    228 |      0 |     32 |     14 |   1 |  228.0 |
      Gauntlet |    480 |    480 |      0 |     28 |      0 |   1 |  480.0 |
               +--------+--------+--------+--------+--------+-----+--------+

Top non-repeatable levels by time:
  Lair:5: 1878 daAuts
Vaults:1: 1610 daAuts
  Lair:2: 1527 daAuts
    D:13: 1527 daAuts
    D:14: 1524 daAuts
   Orc:1: 1495 daAuts
  Lair:1: 1414 daAuts
     D:4: 1244 daAuts
    D:15: 1196 daAuts
Shoals:1: 1110 daAuts
  Lair:4: 1023 daAuts
    D:10: 988 daAuts
     D:9: 962 daAuts
    D:11: 961 daAuts
     D:2: 947 daAuts
